 Dungeon Crawl Stone Soup version 0.18.1-48-g4cf74bf (webtiles) character file.

137 PossumBlood the Shooter (level 5, -4/37 HPs)
             Began as a High Elf Hunter on Aug 22, 2016.
             Slain by a gnoll
             ... wielding a +0 flail
              (7 damage)
             ... on level 3 of the Dungeon.
             The game lasted 00:04:05 (2368 turns).

PossumBlood the Shooter (High Elf Hunter)           Turns: 2368, Time: 00:04:06

Health: -4/37      AC:  4    Str: 11    XL:     5   Next: 0%
Magic:  6/6        EV: 12    Int: 14    God:
Gold:   105        SH:  0    Dex: 17    Spells: 0 memorised, 4 levels left

rFire  . . .     SeeInvis +     b - +0 short sword
rCold  . . .     Gourm    .     c - +1 leather armour
rNeg   . . .     Faith    .     (no shield)
rPois  .         Spirit   .     (no helmet)
rElec  .         Dismiss  .     (no cloak)
rCorr  .         Reflect  .     (no gloves)
SustAt .         Harm     .     (no boots)
MR     .....                    (no amulet)
Stlth  ++........               l - ring of wizardry
                                f - ring of see invisible

@: not resistant to hostile enchantments, unstealthy
A: no striking features
a: no special abilities


You were on level 3 of the Dungeon.
You were not hungry.

You visited 1 branch of the dungeon, and saw 3 of its levels.

You collected 105 gold pieces.

Inventory:

Hand Weapons
 a - a +2 shortbow
 b - a +0 short sword (weapon)
Armour
 c - a +1 leather armour (worn)
Jewellery
 f - a ring of see invisible (left hand)
 l - a ring of wizardry (right hand)
Scrolls
 i - 2 scrolls of identify
 j - a scroll of remove curse
 m - 2 scrolls of enchant armour
Potions
 e - a potion of invisibility
 h - a potion of mutation {unknown}
Comestibles
 g - a meat ration
 k - a bread ration


   Skills:
 * Level 4.3 Fighting
 + Level 6.5 Bows
 - Level 2.1 Dodging
 - Level 1.1 Stealth


You had 4 spell levels left.
You didn't know any spells.

Dungeon Overview and Level Annotations

Branches:
Dungeon (3/15)

Altars:
Pakellas
Qazlal
Ru

Shops:
D:2 }


Message History

Wield which item (- for none, * to show all)? (? for menu, Esc to quit)
b - a +0 short sword (weapon)
The rat closely misses you.
Drink which item? (? for menu, Esc to quit)
Okay, then.
You hit the gnoll but do no damage. The rat barely misses you.
The gnoll closely misses you.
You hit the gnoll.
The gnoll is heavily wounded.
The rat bites you.
* * * LOW HITPOINT WARNING * * *
The gnoll hits you with a flail.
* * * LOW HITPOINT WARNING * * *
You hit the gnoll.
The gnoll is severely wounded.
The rat closely misses you. The gnoll misses you.
You hit the gnoll but do no damage.
The gnoll is severely wounded.
The rat barely misses you. The gnoll hits you with a flail!
You die...

#.......###.###.# #.#
... ###...### #.##..#
#.# #. # #...# #..#..#
.# # ##.## #..#..#
#####.######<.#..####..
.#.....................
...###.#.###.....#####
.#.# .# # #..#..# .#.#
.# #..#)@# .... .#
#..#rg# ##.## .#
#..#..# #.# .. .......
#+# #####...> ##.#.
#... #....


You could see a gnoll and a rat.

Vanquished Creatures
  An orc wizard (D:2)
  2 gnolls (D:3)
  3 adders (D:2)
  An ooze (D:2)
  A worm (D:2)
  2 dart slugs (D:1)
  4 orcs (D:3)
  A giant cockroach (D:1)
  3 goblins
  8 hobgoblins
  A quokka (D:2)
  A ball python (D:1)
  8 bats
  8 kobolds
  10 rats
54 creatures vanquished.

Notes
Turn   | Place    | Note
--------------------------------------------------------------
     0 | D:1      | PossumBlood the High Elf Hunter began the quest for the Orb.
     0 | D:1      | Reached XP level 1. HP: 14/14 MP: 2/2
   315 | D:1      | Reached XP level 2. HP: 20/20 MP: 3/3
   928 | D:2      | Reached XP level 3. HP: 26/26 MP: 4/4
  1052 | D:2      | Reached skill level 6 in Bows
  1091 | D:2      | Found a sacrificial altar of Ru.
  1104 | D:2      | Reached XP level 4. HP: 22/33 MP: 5/5
  1643 | D:2      | Found a stormy altar of Qazlal.
  1714 | D:2      | Found an oddly glowing altar of Pakellas.
  1714 | D:2      | Found Pakellas's Prime Provisions.
  2362 | D:3      | Reached XP level 5. HP: 12/37 MP: 6/6
  2368 | D:3      | Slain by a gnoll

Skill      XL: |  1  2  3  4 |
---------------+-------------+-----
Fighting       | 3 4 |  4.3
Bows           | 6 |  6.5
Dodging        | |  2.1
Stealth        | |  1.1

Action                   |  1- 3 |  4- 6 || total
-------------------------+-------+-------++-------
Melee: Short sword       |       |    19 ||    19
 Fire: Shortbow          |    88 |    48 ||   136
  Use: Scroll            |     4 |     2 ||     6
  Eat: Bread ration      |       |     1 ||     1
Armor: Leather armour    |    10 |    12 ||    22
Dodge: Dodged            |    17 |    34 ||    51
